 Dungeon Crawl Stone Soup version 0.31.0-1-g2c135a0 (webtiles) character file.

Game seed: 48233745385329465

389 bonegar the Ducker (level 6, -8/45 HPs)
             Began as a Minotaur Enchanter on Feb 17, 2024.
             Killed by nerve-wracking pain
             ... invoked by an orc priest
              (12 damage)
             ... on level 5 of the Dungeon.
             The game lasted 00:22:52 (3661 turns).

bonegar the Ducker (Minotaur Enchanter)             Turns: 3661, Time: 00:22:53

Health: -8/45      AC:  9    Str: 12    XL:     6   Next: 50%
Magic:  7/8        EV: 12    Int: 20    God:
Gold:   261        SH:  0    Dex: 11    Spells: 6/9 levels left

rFire   . . .        k - +0 war axe (freeze)
rCold   . . .        (no shield)
rNeg    . . .        x - +0 leather armour
rPois   .            (helmet restricted)
rElec   .            y - +0 cloak
rCorr   .            w - +0 pair of gloves
SInv    .            (no boots)
Will    .....        (no amulet)
Stlth   ++           i - +6 ring of intelligence
HPRegen 0.27/turn    p - +4 ring of protection
MPRegen 0.11/turn

%: no passive effects
@: mighty
A: horns 2, retaliatory headbutt
a: no special abilities


You were on level 5 of the Dungeon.
You visited 1 branch of the dungeon, and saw 5 of its levels.

You collected 306 gold pieces.
You spent 45 gold pieces at shops.

Inventory:

Hand Weapons
 a - a +1 dagger
 j - a +0 spear
 k - a +0 war axe of freezing (weapon)
 v - a +2 whip of draining
Armour
 b - a +0 robe
 h - a +0 ring mail
 w - a +0 pair of gloves (worn)
 x - a +0 leather armour (worn)
 y - a +0 cloak (worn)
 B - a +0 pair of gloves
Magical Staves
 m - a staff of alchemy
Jewellery
 i - a +6 ring of intelligence (left hand)
 l - a ring of flight
 p - a +4 ring of protection (right hand)
Wands
 c - a wand of roots (8)
 e - a wand of light (13)
 s - a wand of paralysis (7)
Scrolls
 d - a scroll of blinking {unknown}
 f - a scroll of teleportation {unknown}
 g - a scroll of immolation {unknown}
 q - a scroll of noise {unknown}
 t - a scroll of fog {unknown}
 C - 2 scrolls of brand weapon
Potions
 n - 2 potions of enlightenment
 o - a potion of might
 r - 3 potions of haste {unknown}
 u - a potion of mutation {unknown}
 z - a potion of attraction {unknown}
 A - a potion of degeneration {unknown}


   Skills:
 - Level 3.0 Short Blades
 + Level 2.6 Axes
 + Level 2.6 Armour
 + Level 3.7 Dodging
 - Level 2.6 Stealth
 * Level 2.3 Spellcasting
 * Level 2.8 Hexes


You had 6 spell levels left.
You knew the following spells:

 Your Spells              Type           Power      Damage    Failure   Level
a - Confusing Touch       Hex            13%        N/A       19%         3

Your spell library contained the following spells:

 Spells                   Type           Power      Damage    Failure   Level
 Ensorcelled Hibernation  Hex/Ice        14%        N/A       17%         2
 Sting                    Conj/Alch      8%         1d3       19%         1
 Tukima's Dance           Hex            13%        N/A       19%         3
 Mercury Vapours          Alch/Air       4%         N/A       28%         2
 Dazzling Flash           Conj/Hex       14%        N/A       32%         3
 Olgreb's Toxic Radiance  Alch           2%         N/A       88%         4


Dungeon Overview and Level Annotations

Branches:
Dungeon (5/15)
 Temple: D:4-7

Altars:
Ashenzari
Qazlal
Xom

Shops:
D:1 (   D:3 :


Innate Abilities, Weirdness & Mutations

You have a pair of horns on your head.
You reflexively headbutt those who attack you in melee.


Message History

The orc hits you with a +0 falchion. The orc hits you with a +0 short sword.
The orc closely misses you. The ufetubus barely misses you.
The ufetubus hits you but does no damage.
You barely miss the ufetubus. You hit the orc. You freeze the orc.
You kill the orc!
You hit the orc. You freeze the orc. The ufetubus hits you. x2
* * * LOW HITPOINT WARNING * * *
The ufetubus slips past you! The ufetubus misses you. You furiously retaliate!
You headbutt the ufetubus. The ufetubus barely misses you.
You feel very mighty all of a sudden. The orc closely misses you.
The orc priest calls upon Beogh to heal the orc.
The orc's wounds heal themselves!
The ufetubus hits you.
* * * LOW HITPOINT WARNING * * *
The ufetubus barely misses you.
You barely miss the orc. You slash the ufetubus! You slash the orc priest!
You freeze the orc priest. The ufetubus barely misses you. x2
The orc barely misses you.
The orc priest invokes the aid of Beogh against you.
You barely resist. The ufetubus barely misses you. x2
The orc priest hits you with a +0 flail.
* * * LOW HITPOINT WARNING * * *
The orc hits you but does no damage.
You closely miss the orc. Your headbutt misses the orc.
You closely miss the ufetubus. You barely miss the orc priest.
The ufetubus hits you but does no damage.
The ufetubus barely misses you. The ufetubus closely misses you.
The ufetubus barely misses you. The orc hits you but does no damage.
The orc priest mumbles some strange prayers to Beogh against you.
Pain shoots through your body!
* * * LOW HITPOINT WARNING * * *
You closely miss the ufetubus. Your headbutt misses the ufetubus.
The ufetubus is almost dead.
You hit the orc priest. You freeze the orc priest. You closely miss the orc.
The ufetubus slips past you! The ufetubus hits you.
* * * LOW HITPOINT WARNING * * *
The ufetubus barely misses you. The orc completely misses you.
The orc priest calls down the wrath of Beogh upon you.
Pain shoots through your body!
You die...

# #.# #...... #.#
#.#####.###.###.# ###.# ###
###.#..>.......##.# ...# #..
...............##.####..# #.#
...#..........##.##....# #.###
. #...#...............###....
......#.#########..............
......#.###..oo..#.......)...>.
...#........)5@..###.##.#######
## ####.###.###### #.##.#
....5.... #.##.# .....$.#####
#.#... .......o# #.#...
#####.... #.#.).# #...o #.#...#
#.5 #.#


You could see an orc priest, an ufetubus and an orc.

Vanquished Creatures
  An ogre (D:4)
  The ghost of phantasmist the Magician, an amateur DrAl (D:3)
  An orc priest (D:4)
  An iguana (D:4)
  A sleepcap (D:4)
  3 gnolls (D:3)
  2 adders
  2 ufetubi (D:5)
  A dart slug (D:1)
  7 orcs
  4 bats
  4 endoplasms
  3 giant cockroaches
  8 hobgoblins
  13 jackals
  A quokka (D:4)
  6 ball pythons
  4 frilled lizards
  10 goblins
  2 kobolds
75 creatures vanquished.

Notes
Turn   | Place    | Note
-------+----------+-------------------------------------------
     0 | D:1      | bonegar the Minotaur Enchanter began the quest for the Orb.
     0 | D:1      | Reached XP level 1. HP: 14/14 MP: 1/1
    79 | D:1      | Reached XP level 2. HP: 16/20 MP: 1/3
   308 | D:1      | Found Biczipn's Weapon Boutique.
   318 | D:1      | Bought a +0 war axe for 45 gold pieces
   456 | D:1      | Found a faded altar of an unknown god.
   864 | D:2      | Reached XP level 3. HP: 26/26 MP: 4/4
  1236 | D:2      | Found a stormy altar of Qazlal.
  1836 | D:3      | Noticed phantasmist's ghost (amateur DrAl)
  1837 | D:3      | Found a transporter.
  1851 | D:3      | Found a transporter.
  1865 | D:3      | Reached skill level 1 in Armour
  1866 | D:3      | Reached skill level 1 in Axes
  1868 | D:3      | Reached XP level 4. HP: 12/33 MP: 5/5
  2055 | D:3      | Learned a level 3 spell: Confusing Touch
  2130 | D:3      | Found Ymizin's Vocational Training.
  2342 | D:3      | Killed phantasmist's ghost
  2343 | D:3      | Reached XP level 5. HP: 7/34 MP: 4/7
  2767 | D:4      | Noticed a water moccasin
  2811 | D:4      | Found a shimmering altar of Xom.
  2878 | D:4      | Noticed an ogre
  2889 | D:4      | Killed an ogre
  2890 | D:4      | Reached XP level 6. HP: 18/45 MP: 5/8
  2996 | D:4      | Found a broken altar of Ashenzari.
  3124 | D:4      | Noticed a water elemental
  3127 | D:4      | Found a stormy altar of Qazlal.
  3129 | D:4      | Noticed an air elemental
  3129 | D:4      | Noticed a fire elemental
  3604 | D:5      | Entered Level 5 of the Dungeon
  3661 | D:5      | Killed from afar by an orc priest

Illustrated notes

Levels and vault maps discovered:
D:1:      sevenhm_arrival_forest_fort_small_3, layout_rooms,
          nicolae_ecumenical_snake_handling, serial_shops,
          nicolae_shop_bloodbath_and_beyond, chequers_serial_rivers_room_a,
          corner_web_ring
D:2:      layout_loops_ring, basic_altar
D:3:      layout_basic, gammafunk_ghost_arena, serial_bayou_ford_a,
          eino_tiny_chamber, nicolae_shop_vocational
D:4:      layout_basic, nicolae_qazlal_style_of_elements, lemuel_doored_altar,
          ashenzari_altar_1
D:5:      minmay_angry_zag, layout_basic, nicolae_wu_jian_immortal_techniques

Skill      XL: |  1  2  3  4  5  6 |
---------------+-------------------+-----
Armour         | 1 2 |  2.6
Axes           | 1 2 |  2.6
Short Blades   | 2 3 |  3.0
Dodging        | 3 |  3.7
Spellcasting   | 2 |  2.3
Stealth        | |  2.6
Hexes          | |  2.8

Action                     |  1- 3 |  4- 6 || total
---------------------------+-------+-------++-------
  Melee: Dagger            |    29 |       ||    29
         Headbutt          |     9 |    18 ||    27
         War axe           |    60 |   105 ||   165
   Cast: Confusing Touch   |       |     4 ||     4
    Use: Potion            |       |     8 ||     8
         Scroll            |       |     4 ||     4
   Stab: Sleeping          |     3 |     2 ||     5
         Invisible         |       |     4 ||     4
 Armour: Robe              |    56 |    73 ||   129
         Leather armour    |       |    31 ||    31
  Dodge: Dodged            |    75 |   111 ||   186
